 Dungeon Crawl Stone Soup version 0.31-a0-355-g57cb03d3e8 (webtiles) character file.

Game seed: 891990808143817180

16 Newt the Changeling (level 2, -4/23 HPs)
             Began as a Merfolk Shapeshifter on July 24, 2023.
             Slain by a quokka (5 damage)
             ... on level 2 of the Dungeon.
             The game lasted 00:00:32 (654 turns).

Newt the Changeling (Merfolk Shapeshifter)           Turns: 654, Time: 00:00:32

Health: -4/23      AC:  2    Str: 15    XL:     2   Next: 58%
Magic:  2/2        EV: 12    Int:  7    God:
Gold:   36         SH:  0    Dex: 14    Spells: 1/1 levels left

rFire   . . .        d - +0 long sword
rCold   . . .        (no shield)
rNeg    . . .        a - +0 animal skin
rPois   .            (helmet currently unavailable)
rElec   .            (cloak currently unavailable)
rCorr   .            (gloves currently unavailable)
SInv    .            (boots currently unavailable)
Will    .....        (no amulet)
Stlth   +            (no ring)
HPRegen 0.23/turn    (no ring)
MPRegen 0.08/turn

%: no passive effects
@: beast-form
A: beast (slay +2), (nimble swimmer 2), mertail
a: Begin Untransformation


You were on level 2 of the Dungeon.
You were a hulking beast.
You visited 1 branch of the dungeon, and saw 2 of its levels.

You collected 36 gold pieces.

Inventory:

Hand Weapons
 d - a +0 long sword (weapon)
Armour
 a - a +0 animal skin (worn)
Talismans
 c - a beast talisman
Scrolls
 f - 2 scrolls of fog {unknown}
 g - a scroll of identify {unknown}
Potions
 b - a potion of lignification
 e - a potion of mutation {unknown}


   Skills:
 + Level 2.8 Fighting
 - Level 2.6 Dodging
 - Level 3.2 Unarmed Combat
 - Level 4.0 Shapeshifting


You had one spell level left.
You didn't know any spells.
Your spell library was empty.

Dungeon Overview and Level Annotations

Branches:
Dungeon (2/15)

Altars:


Innate Abilities, Weirdness & Mutations

You are a hulking beast.
Your limbs bulge with bestial killing power. (Slay +2)
((You are very nimble when in or above water. (Stealth+, EV+, Speed+++)))
Your lower body shifts to a powerful aquatic tail in water.


Message History

You kill the jackal!
The jackal bites you but does no damage.
The jackal closely misses you.
You slash the jackal!
You kill the jackal!
No target in view!
No target in view!
You climb downwards.
The jackal misses you. The jackal barely misses you.
The jackal completely misses you. The jackal barely misses you.
The endoplasm freezes you.
You are frozen.
There is a stone staircase leading up, spattered with blood here.
You hit the jackal.
The jackal is moderately wounded.
The jackal bites you but does no damage.
The jackal bites you. The jackal misses you. The endoplasm freezes you.
You are frozen.
The jackal bites you.
You hit the jackal.
You kill the jackal!
The jackal bites you. The endoplasm barely misses you.
The jackal barely misses you. The quokka barely misses you.
The endoplasm freezes you.
You are frozen.
You are too injured to fight recklessly!
You are too injured to fight recklessly!
Unknown command.
You hit the endoplasm. You punch the endoplasm.
You kill the endoplasm!
The jackal bites you.
The quokka bites you but does no damage.
The jackal barely misses you. The quokka closely misses you.
You hit the jackal.
You kill the jackal!
The quokka bites you.
* * * LOW HITPOINT WARNING * * *
You closely miss the quokka. The quokka bites you.
* * * LOW HITPOINT WARNING * * *
The quokka bites you.
You die...

#########
#...hr..#
#..........#
#◎.........#
#..........#
#........!.#
#######....#
....# .....


You could see a quokka.

Vanquished Creatures
  2 ball pythons (D:1)
  3 endoplasms
  4 jackals
  A bat (D:1)
  A frilled lizard (D:1)
  A goblin (D:1)
  2 kobolds (D:1)
  A rat (D:1)
15 creatures vanquished.

Notes
Turn   | Place    | Note
-------+----------+-------------------------------------------
     0 | D:1      | Newt the Merfolk Shapeshifter began the quest for the Orb.
     0 | D:1      | Reached XP level 1. HP: 15/15 MP: 1/1
   229 | D:1      | Reached XP level 2. HP: 7/22 MP: 2/2
   654 | D:2      | HP: 1/23 [quokka (3)]
   654 | D:2      | Slain by a quokka

Illustrated notes

Levels and vault maps discovered:
D:1:      minmay_arrival_shattered_statue, layout_rooms
D:2:      layout_basic

Skill      XL: |  1 |
---------------+----+-----
Fighting       | 2 |  2.8
Dodging        | |  2.6
Unarmed Combat | |  3.2
Shapeshifting  | |  4.0

Action                     || total
---------------------------++-------
  Melee: Unarmed           ||    10
         Long sword        ||    21
         Punch             ||     1
 Armour: Animal skin       ||    10
  Dodge: Dodged            ||    35

Table legend: (Time is in decaauts)
 A = Elapsed time spent in this place.
 B = Non-inter-level travel time spent in this place.
 C = Inter-level travel time spent in this place.
 D = Time resting spent in this place.
 E = Time spent auto-exploring this place.
 F = Levels seen in this place.
 G = Mean time per level.
                   A        B        C        D        E       F      G
               +--------+--------+--------+--------+--------+-----+--------+
         Total |    661 |    655 |      6 |    164 |    393 |   2 |  330.5 |
       Dungeon |    661 |    655 |      6 |    164 |    393 |   2 |  330.5 |
               +--------+--------+--------+--------+--------+-----+--------+

Top non-repeatable levels by time:
     D:1: 651 daAuts
     D:2: 9 daAuts
